AoeStats
← Terry Crews

Lombardia

509776116Analyzed
2v2 RM · 6d ago on Sep 28, 2026· 68m 46s· 4 players
Game mode
Random Map
Map size
Medium (4 player)
Population
200
Speed
Normal
Resources
Standard
Victory
Conquest
Starting age
Dark Age
Ending age
Imperial Age
RankedLock teamsTeams togetherTeam positionsShared explorationLock speedFull tech treeHidden civsTurbo modeCheats
Victory
Defeat
🇹🇷 Magyars · Türkiye
865
+15
🇹🇷 Khmer · Türkiye
849
+17
🇲🇽 Mongols · Mexico
853
-40
🇲🇽 Franks · Mexico
853
-40
Terry Crews
10:26 Feudal Age
13:03 Fletching
15:00 Padded Archer Armor
17:02 Wheelbarrow
18:51 Loom
21:42 Scale Barding Armor
26:16 Horse Collar
29:34 Castle Age
29:40 Double-Bit Axe
30:22 Bodkin Arrow
31:37 Chain Barding Armor
32:22 Hand Cart
33:15 Thumb Ring
34:49 Bloodlines
36:58 Heavy Plow
41:24 Elite Skirmisher
46:41 Imperial Age
45:27 Leather Archer Armor
47:19 Bow Saw
47:02 Gold Mining
47:06 Stone Mining
46:58 Elite Mangudai
51:54 Conscription
53:41 Parthian Tactics
53:17 Town Watch
57:48 Drill
57:31 Nomads
57:56 Drill
58:59 Chemistry
59:39 Onager
LegolasJr
10:59 Feudal Age
12:20 Wheelbarrow
12:08 Double-Bit Axe
13:14 Gold Mining
21:07 Castle Age
21:12 Pikeman
21:54 Squires
24:57 Hand Cart
26:30 Gold Shaft Mining
27:37 Bow Saw
27:20 Stone Mining
31:51 Herbal Medicine
32:39 Scale Barding Armor
32:45 Forging
34:44 Chain Barding Armor
35:24 Husbandry
42:29 Imperial Age
42:24 Ordonnance Companies
44:11 Chemistry
44:23 Plate Barding Armor
44:24 Iron Casting
44:01 Caravan
43:57 Cavalier
46:11 Chivalry
46:34 Conscription
46:40 Conscription
46:24 Scale Mail Armor
47:28 Blast Furnace
46:30 Scale Mail Armor
45:53 Halberdier
46:21 Gambesons
49:33 Paladin
50:24 Onager
52:59 Sanctity
53:09 Illumination
53:03 Block Printing
54:54 Ballistics
54:17 Treadmill Crane
54:48 Masonry
54:44 Siege Engineers
BillyyButcheeerrr
0:28 Loom
10:40 Feudal Age
11:03 Horse Collar
11:15 Double-Bit Axe
14:42 Bloodlines
23:26 Castle Age
25:25 Bow Saw
25:17 Heavy Plow
26:02 Husbandry
26:49 Wheelbarrow
25:59 Town Watch
31:10 Gold Mining
31:10 Stone Mining
32:53 Corvinian Army
33:06 Thumb Ring
34:55 Caravan
36:11 Treadmill Crane
36:41 Masonry
36:52 Masonry
40:15 Imperial Age
37:31 Town Watch
38:03 Hand Cart
41:05 Town Patrol
41:28 Conscription
41:46 Hoardings
41:16 Recurve Bow
41:40 Ballistics
42:21 Chemistry
41:50 Elite Magyar Huszar
42:42 Scale Barding Armor
42:28 Fletching
42:40 Padded Archer Armor
42:12 Capped Ram
43:49 Siege Engineers
44:25 Gold Shaft Mining
45:40 Two-Man Saw
45:47 Chain Barding Armor
45:44 Leather Archer Armor
45:29 Bodkin Arrow
47:12 Plate Barding Armor
47:08 Ring Archer Armor
53:35 Parthian Tactics
icagrierdogann
1:05 Loom
14:36 Feudal Age
15:13 Double-Bit Axe
15:11 Horse Collar
16:37 Gold Mining
19:03 Padded Archer Armor
18:54 Fletching
24:18 Castle Age
23:11 Forging
23:01 Scale Mail Armor
24:10 Wheelbarrow
26:00 Bow Saw
28:46 Husbandry
28:57 Bloodlines
28:07 Light Cavalry
29:36 Caravan
31:31 Hand Cart
31:19 Heavy Plow
32:24 Bodkin Arrow
32:44 Leather Archer Armor
33:04 Iron Casting
32:45 Chain Mail Armor
32:35 Scale Barding Armor
34:32 Gold Shaft Mining
33:53 Stone Mining
33:53 Town Watch
36:26 Fervor
36:14 Herbal Medicine
36:56 Arson
36:35 Elite Skirmisher
36:36 Crossbowman
37:41 Ballistics
38:20 Chain Barding Armor
38:55 Stone Shaft Mining
41:45 Imperial Age
39:18 Town Patrol
43:14 Ring Archer Armor
42:44 Bracer
43:45 Blast Furnace
43:21 Plate Barding Armor
43:51 Chemistry
44:23 Conscription
43:24 Elite Ballista Elephant
44:04 Tusk Swords
44:52 Crop Rotation
44:43 Cavalier
46:08 Double Crossbow
46:15 Double Crossbow
61:17 Hussar
Connection lost

Rejoining the realm…

Still unreachable

The connection could not be restored.

Session expired

The server has moved on; the page needs a fresh start.